 Dungeon Crawl Stone Soup version 0.26-a0-670-g578ab304f5 (webtiles) character file.

Game seed: 1994221406996411642

(classic levelgen) 55 EnegeticOcto the Digger (level 4, -3/27 HPs)
             Began as a Halfling Earth Elementalist on Oct 19, 2020.
             Was an Initiate of Elyvilon.
             Slain by an orc
             ... wielding a +0 trident
              (6 damage)
             ... on level 4 of the Dungeon.
             The game lasted 00:03:52 (444 turns).

EnegeticOcto the Digger (HaEE)                       Turns: 444, Time: 00:03:52

Health: -3/27      AC:  2    Str:  9    XL:     4   Next: 14%
Magic:  7/7        EV: 15    Int: 14    God:    Elyvilon [......]
Gold:   58         SH:  0    Dex: 14    Spells: 4/7 levels left

rFire    . . .     SeeInvis .   k - +0 hunting sling
rCold    . . .     Faith    .   (shield restricted)
rNeg     . . .     Spirit   .   c - +0 robe
rPois    .         Reflect  .   (no helmet)
rElec    .         Harm     .   (no cloak)
rCorr    .         Rampage  .   (no gloves)
MR       .....                  (no boots)
Stlth    ++........             (no amulet)
HPRegen  0.09/turn              (no ring)
MPRegen  0.10/turn              (no ring)

@: no status effects
A: small, mutation resistance 1
a: Renounce Religion


You were on level 4 of the Dungeon.
You worshipped Elyvilon.
Elyvilon was noncommittal.
You visited 1 branch of the dungeon, and saw 4 of its levels.

You collected 58 gold pieces.

Inventory:

Hand Weapons
 f - a +0 club
 k - a +0 hunting sling (weapon)
Missiles
 b - 28 stones
 d - 3 sling bullets (quivered)
Armour
 c - a +0 robe (worn)
Jewellery
 l - an uncursed ring of wizardry {unknown}
Scrolls
 a - 2 scrolls of remove curse {@r2}
 i - a scroll of immolation {unknown}
 j - a scroll of enchant weapon
 m - a scroll of teleportation {unknown}
Potions
 e - 2 potions of curing {unknown}
 h - a potion of lignification {unknown}


   Skills:
 + Level 1.4 Slings
 + Level 2.8 Dodging
 + Level 3.0 Stealth
 + Level 2.0 Spellcasting
 - Level 0.5 Transmutations
 + Level 3.4 Earth Magic


You had 4 spell levels left.
You knew the following spells:

 Your Spells              Type           Power        Failure   Level
a - Sandblast             Erth           ##....       6%          1
p - Passwall              Tmut/Erth      #.......     16%         2

Your spell library contained the following spells:

 Spells                   Type           Power        Failure   Level
 Stone Arrow              Conj/Erth      #.....       34%         3
 Petrify                  Tmut/Erth      #.......     71%         4
 Lee's Rapid Deconstruct  Erth           ##........   85%         5


Dungeon Overview and Level Annotations

Branches:
Dungeon (3/15)

Altars:
Elyvilon


Innate Abilities, Weirdness & Mutations

You are small and have problems with some larger weapons.
You are somewhat resistant to further mutation.


Message History

You fall into a shaft and drop 2 floors!
The shaft crumbles and collapses.
Found an iron ring, 15 sling bullets and 22 stones.
Found a white marble altar of Elyvilon.
Found a scroll labeled KYDALUPPUPADGH.
Found 23 arrows.
There is a fountain of clear blue water here.
Found a robe.
l - an iron ring A worm comes into view.
There is a white marble altar of Elyvilon here.
You kneel at the altar of Elyvilon.
Elyvilon welcomes you!
You shoot a stone. The stone hits the worm.
The worm is lightly wounded.
You shoot a stone. The stone hits the worm.
The worm is moderately wounded.
You shoot a stone. The stone hits the worm.
The worm is heavily wounded.
You shoot a stone. The stone completely misses the worm.
You shoot a stone. The stone hits the worm.
The worm is moderately wounded.
You shoot a stone. The stone hits the worm.
The worm is severely wounded.
Casting: Sandblast (safe; 6% risk of failure)
Confirm with . or Enter, or press ? or * to list all spells.
Aiming: Sandblast (safe; 6% risk of failure)
Press: ? - help, Shift-Dir - straight line, f/p - worm
Aim: a worm (severely wounded)
The blast of sand hits the worm!
You kill the worm!
Your Stealth skill increases to level 3!
b - 23 stones
m - a scroll labeled KYDALUPPUPADGH
b - 24 stones (gained 1)
You see here a worm corpse.
b - 25 stones (gained 1)
b - 26 stones (gained 1)
b - 27 stones (gained 1)
An orc wizard comes into view. It is wielding a +0 dagger.
The orc wizard shouts!
The orc wizard points at you and mumbles some strange words.
You resist with some effort.
You hear a shout!
You see here 2 stones.
b - 29 stones (gained 2)
You hear a shout!
You see here 15 sling bullets.
You shoot a sling bullet.
The sling bullet closely misses the orc wizard.
You shoot a sling bullet.
The sling bullet hits the orc wizard but does no damage.
You shoot a sling bullet.
The sling bullet hits the orc wizard but does no damage.
An ogre comes into view. It is wielding a +0 giant spiked club.
Casting: Sandblast (safe; 6% risk of failure)
Confirm with . or Enter, or press ? or * to list all spells.
Aiming: Sandblast (safe; 6% risk of failure)
Press: ? - help, Shift-Dir - straight line, f/p - orc wizard
Aim: an orc wizard, wielding a +0 dagger and wearing a +0 robe The blast of sand hits the orc wizard but does no damage.
b - 28 stones The ogre shouts!
You hear an angry hiss.
You hear a howl!
A frilled lizard comes into view.
The orc wizard points at you and mumbles some strange words.
You are confused.
You're too confused to cast spells.
Found a dire flail.
The orc wizard hits you with a +0 dagger.
You're too confused to move!
The orc wizard hits you but does no damage.
The orc wizard casts a spell at you. You resist with some effort.
The ogre barely misses you.
The orc wizard mumbles some strange words.
The orc wizard flickers and vanishes!
Deactivating autopickup; reactivate with Ctrl-A.
You feel less confused. Something barely misses you.
A ball python comes into view.
Unknown command.
As you read the scroll labeled HUDORA IDAILEEC, it crumbles to dust.
You feel blessed for a moment.
It was a scroll of remove curse.
The frilled lizard barely misses you. Something hits you.
You hear some strange, mumbled words.
You are confused.
You're too confused!
An orc comes into view. It is wielding a +0 trident.
The orc shouts!
The ogre hits you with a +0 giant spiked club!!
Ouch! That really hurt!
* * * LOW HITPOINT WARNING * * *
An orc comes into view. It is wielding a +0 dagger.
The frilled lizard bites you.
* * * LOW HITPOINT WARNING * * *
You feel less confused.
As you read the scroll labeled XYBROA DORE, it crumbles to dust.
It is a scroll of identify.
j - a scroll of enchant weapon The orc hits you from afar with a +0 trident.
You die...

#.............#.......#
#...........(((.......#
#......#.#.#.#†#.#....#
#.....................#
#........⌠S....⌠......#
#####......._.o(......#
##...⌠.....o...####
#.......Ol....#
#.#.#.#.#@#.#.#
#.............#
#..........####
#..........#
#..........#
##........## ##......##
#######


You could see an ogre, 2 orcs, a ball python and a frilled lizard.

Vanquished Creatures
  Jessica (D:2)
  An adder (D:3)
  A worm (D:4)
  A dart slug (D:2)
  A goblin (D:1)
  3 hobgoblins
  5 bats
  2 frilled lizards (D:1)
  2 kobolds (D:2)
  A rat (D:1)
18 creatures vanquished.

Notes
Turn   | Place    | Note
-------+----------+-------------------------------------------
     0 | D:1      | EnegeticOcto the Halfling Earth Elementalist began the
                  | quest for the Orb.
     0 | D:1      | Reached XP level 1. HP: 11/11 MP: 3/3
   102 | D:1      | Reached XP level 2. HP: 17/17 MP: 0/4
   275 | D:2      | Learned a level 2 spell: Passwall
   281 | D:3      | Noticed a necrophage
   283 | D:3      | Reached XP level 3. HP: 18/21 MP: 0/5
   350 | D:2      | Noticed Jessica
   354 | D:2      | Killed Jessica
   354 | D:2      | Reached skill level 1 in Slings
   354 | D:2      | Reached skill level 2 in Spellcasting
   354 | D:2      | Reached XP level 4. HP: 27/27 MP: 3/7
   385 | D:2      | You fall into a shaft and drop 2 floors!
   385 | D:4      | Found a white marble altar of Elyvilon.
   393 | D:4      | Became a worshipper of Elyvilon the Healer
   401 | D:4      | Reached skill level 3 in Stealth
   426 | D:4      | Noticed an ogre
   444 | D:4      | Slain by an orc

Illustrated notes

Levels and vault maps discovered:
D:1:      enne_arrival_octagon_isle, layout_basic, minmay_crystal_room,
          hangedman_decor_slide_cut
D:2:      layout_basic, palyth_stone_intersect, uniq_jessica
D:3:      layout_basic, serial_forest, infiniplex_forest_clump_small,
          infiniplex_forest_join, infiniplex_forest_clump_medium,
          infiniplex_forest_lined_3, infiniplex_forest_clump_small,
          infiniplex_forest_straight_2, infiniplex_forest_clump_curved,
          minmay_misc_feat_hallway, st_stairs_11, minmay_misc_feat_pillars
D:4:      layout_rooms, elyvilon_altar_5, gammafunk_temple_overflow_pools,
          serial_shops, shop_fountains, minmay_cut_off

Skill      XL: |  1  2  3  4 |
---------------+-------------+-----
Slings         | 1 |  1.4
Spellcasting   | 2 |  2.0
Stealth        | 3 |  3.0
Dodging        | |  2.8
Transmutations | |  0.5
Earth Magic    | |  3.4

Action                   |  1- 3 |  4- 6 || total
-------------------------+-------+-------++-------
Melee: Unarmed           |     3 |       ||     3
       Club              |    12 |       ||    12
 Fire: Hunting sling     |     3 |    13 ||    16
 Cast: Sandblast         |    16 |     5 ||    21
       Passwall          |     1 |       ||     1
  Use: Scroll            |       |     2 ||     2
Armor: Robe              |     9 |     1 ||    10
Dodge: Dodged            |    16 |     3 ||    19

Table legend: (Time is in decaauts)
 A = Elapsed time spent in this place.
 B = Non-inter-level travel time spent in this place.
 C = Inter-level travel time spent in this place.
 D = Time resting spent in this place.
 E = Time spent auto-exploring this place.
 F = Levels seen in this place.
 G = Mean time per level.
                   A        B        C        D        E       F      G
               +--------+--------+--------+--------+--------+-----+--------+
         Total |    448 |    448 |      0 |      0 |      0 |   4 |  112.0 |
       Dungeon |    448 |    448 |      0 |      0 |      0 |   4 |  112.0 |
               +--------+--------+--------+--------+--------+-----+--------+

Top non-repeatable levels by time:
     D:2: 256 daAuts
     D:1: 128 daAuts
     D:4: 60 daAuts
     D:3: 3 daAuts
